 Dungeon Crawl Stone Soup version 0.18.1-48-g4cf74bf (webtiles) character file.

103 dvd the Charlatan (level 4, -1/22 HPs)
             Began as a Spriggan Artificer on Aug 13, 2016.
             Killed themself with a badly aimed iceblast (23 damage)
             ... on level 3 of the Dungeon.
             The game lasted 00:06:40 (1691 turns).

dvd the Charlatan (Spriggan Artificer)              Turns: 1691, Time: 00:06:41

Health: -1/22      AC:  2    Str:  8    XL:     4   Next: 51%
Magic:  9/9        EV: 19    Int: 13    God:
Gold:   107        SH:  0    Dex: 16    Spells: 0 memorised, 3 levels left

rFire  . . .     SeeInvis +     a - +0 short sword
rCold  . . .     Gourm    .     b - +0 robe
rNeg   . . .     Faith    .     (shield restricted)
rPois  .         Spirit   .     (helmet restricted)
rElec  .         Dismiss  .     (no cloak)
rCorr  .         Reflect  .     (gloves unavailable)
SustAt .         Harm     .     (boots unavailable)
MR     .....                    (no amulet)
Stlth  ++........               (no ring)
                                (no ring)

@: very quick, not resistant to hostile enchantments, unstealthy
A: unfitting armour, see invisible, herbivore 3, speed 3, slow metabolism 2
a: no special abilities


You were on level 3 of the Dungeon.
You were not hungry.

You visited 1 branch of the dungeon, and saw 3 of its levels.

You collected 107 gold pieces.

Inventory:

Hand Weapons
 a - a +0 short sword (weapon)
Missiles
 h - 19 poisoned needles
Armour
 b - a +0 robe (worn)
Wands
 c - a wand of flame (8/48)
 d - a wand of enslavement (9/24)
 e - a wand of random effects (2/48)
Scrolls
 i - 3 scrolls of teleportation {unknown}
 j - 6 scrolls of identify {unknown}
 l - a scroll of remove curse {unknown}
 m - a scroll of amnesia {unknown}
Potions
 g - a potion of ambrosia
 k - a potion of might {unknown}
Comestibles
 f - 2 bread rations
 n - a slice of pizza


   Skills:
 + Level 1.2 Fighting
 + Level 1.5 Short Blades
 + Level 4.2 Dodging
 + Level 2.7 Stealth
 + Level 5.7 Evocations


You had 3 spell levels left.
You didn't know any spells.

Dungeon Overview and Level Annotations

Branches:
Dungeon (3/15)

Altars:
Okawaru
Trog
Yredelemnul


Innate Abilities, Weirdness & Mutations

You are tiny and cannot use many weapons and most armour.
You have supernaturally acute eyesight.
You are a herbivore.
You cover ground extremely quickly.
You need consume almost no food.


Message History

Found a stone staircase leading down.
Found 17 stones.
There is a stone staircase leading down here.
Ijyb the Twisted Goblin comes into view.
He is wielding a dagger of draining.
The helpless Ijyb fails to defend himself.
You puncture Ijyb!
Ijyb is severely wounded.
Ijyb misses you.
You closely miss Ijyb.
Ijyb is severely wounded.
Ijyb misses you.
Evoke which item? (* to show all) (? for menu, Esc to quit)
Zapping:
e - a wand of random effects (2/48)
Press: ? - help, Shift-Dir - straight line, f - Ijyb
Aim: Ijyb, wielding a dagger of draining (severely wounded)
The mass of ice explodes!
The iceblast engulfs Ijyb.
You kill Ijyb!
The iceblast engulfs you!
Ouch! That really hurt!
You die...

###### #####....#
#.....##.# #.##..##.#
##.###.#...##.#
.........>.##.#
##(....#.#.##.#########
#########.#...........
#...)@....############
#.#########


There were no monsters in sight!

Vanquished Creatures
  Ijyb (D:3)
  3 adders (D:2)
  3 dart slugs
  A ball python (D:2)
  4 bats
  2 giant cockroaches
  2 goblins (D:1)
  4 hobgoblins
  5 jackals
  4 kobolds
  A quokka (D:2)
  A rat (D:1)
31 creatures vanquished.

Vanquished Creatures (collateral kills)
  An adder (D:2)
  A worm (D:2)
  A giant gecko (D:2)
  2 goblins
  A hobgoblin (D:2)
  2 jackals
  3 bats
11 creatures vanquished.

Vanquished Creatures (others)
  An adder (D:2)
  A giant cockroach (D:1)
  A kobold (D:1)
3 creatures vanquished.

Grand Total: 45 creatures vanquished

Notes
Turn   | Place    | Note
--------------------------------------------------------------
     0 | D:1      | dvd the Spriggan Artificer began the quest for the Orb.
     0 | D:1      | Reached XP level 1. HP: 9/9 MP: 4/4
    68 | D:1      | Reached XP level 2. HP: 7/14 MP: 6/6
   297 | D:1      | Reached skill level 5 in Evocations
   870 | D:2      | Reached XP level 3. HP: 17/17 MP: 7/7
  1037 | D:2      | Found a basalt altar of Yredelemnul.
  1045 | D:2      | Found an iron altar of Okawaru.
  1045 | D:2      | Found a bloodstained altar of Trog.
  1120 | D:2      | Reached skill level 1 in Fighting
  1373 | D:2      | Reached XP level 4. HP: 20/22 MP: 9/9
  1684 | D:3      | Noticed Ijyb
  1691 | D:3      | Killed Ijyb
  1691 | D:3      | Killed themself with a badly aimed iceblast

Skill      XL: |  1  2  3  4 |
---------------+-------------+-----
Evocations     | 5 |  5.7
Stealth        | 2 |  2.7
Fighting       | 1 |  1.2
Dodging        | 4 |  4.2
Short Blades   | |  1.5

Action                   |  1- 3 |  4- 6 || total
-------------------------+-------+-------++-------
Melee: Short sword       |    77 |    27 ||   104
Evoke: Wand              |    25 |     1 ||    26
  Use: Potion            |     1 |       ||     1
 Stab: Sleeping          |     4 |     1 ||     5
       Paralysed         |     1 |       ||     1
       Distracted        |       |     1 ||     1
Armor: Robe              |    14 |       ||    14
Dodge: Dodged            |    84 |    36 ||   120
